 Dungeon Sprint DCSS version 0.20-a0-1117-g62da73f (webtiles) character file.

14 potatolord6000 the Covert (level 5, -6/30 HPs)
             Began as a Spriggan Assassin on May 9, 2017.
             Was an Initiate of Gozag.
             Mangled by a worm (11 damage)
             ... in the Dungeon (Sprint VI: "Thunderdome").
             The game lasted 00:04:44 (512 turns).

potatolord6000 the Covert (Spriggan Assassin)        Turns: 512, Time: 00:04:44

Health: -6/30      AC:  4    Str:  7    XL:     5   Next: 86%
Magic:  6/6        EV: 25    Int: 12    God:    Gozag
Gold:   48         SH:  0    Dex: 19    Spells: 4/4 levels left

rFire    + . .     SeeInvis +   a - +2 dagger
rCold    . . .     Gourm    .   (shield restricted)
rNeg     . . .     Faith    .   b - +1 robe "Maum" {rF+ MR++} (curse)
rPois    .         Spirit   .   e - +0 hat "Baiteduf" {+Blink MR+}
rElec    .         Reflect  .   d - +0 cloak
rCorr    .         Harm     .   (gloves unavailable)
MR       +++..     NoTele   +   (boots unavailable)
Stlth    +++++.....             (no amulet)
Regen    0.1/turn               (no ring)
MPRegen  0.1/turn               (no ring)

@: gold aura, very quick
A: unfitting armour, see invisible, herbivore 3, speed 3, slow metabolism 2
a: Potion Petition, Call Merchant, Bribe Branch, Renounce Religion, Evoke Blink


You were in the Dungeon.
You worshipped Gozag.
Gozag was noncommittal.
You were not hungry.

You visited 1 branch You collected 562 gold pieces.
You spent 514 gold pieces at shops.

Inventory:

Hand Weapons
 a - a +2 dagger (weapon)
Armour
 b - the cursed +1 robe "Maum" (worn) {rF+ MR++}
   (You bought it in a shop in the Dungeon)

   It protects you from fire.
   It affects your resistance to hostile enchantments.
   It has a curse placed upon it.
 d - a +0 cloak (worn)
 e - the +0 hat "Baiteduf" (worn) {+Blink MR+}
   (You bought it in a shop in the Dungeon)

   It affects your resistance to hostile enchantments.
   It lets you blink.
Scrolls
 m - 4 scrolls of blinking
 n - 3 scrolls of fog
Potions
 j - 2 potions of haste
 k - 2 potions of magic
 l - a potion of berserk rage
 o - a potion of resistance
Comestibles
 g - a bread ration


   Skills:
 + Level 5.2 Fighting
 + Level 7.0 Short Blades
 - Level 2.0 Throwing
 + Level 8.8 Dodging
 + Level 10.9 Stealth


You had 4 spell levels left.
You didn't know any spells.

Dungeon Overview and Level Annotations

Branches:
Dungeon (1/1)

Altars:
Cheibriados
Dithmenos
Fedhas
Gozag
Kikubaaqudgha
Makhleb
Okawaru
Qazlal
Ru
Sif Muna
Trog
Uskayaw
Vehumet
Wu Jian
Xom
Yredelemnul
Zin
The Shining One
Beogh
Jiyva
Lugonu

Shops:
D *[%??*?*:[((!!!!


Innate Abilities, Weirdness & Mutations

You are very small and have problems with some larger weapons.
You are too small for most types of armour.
You have supernaturally acute eyesight. (SInv)
You are a herbivore.
You cover ground extremely quickly.
You need consume almost no food.


Message History

* * * LOW HITPOINT WARNING * * *
You hit the scorpion.
You kill the scorpion!
Your Short Blades skill increases to level 7!
You see here 81 gold pieces.
The worm bites you.
* * * LOW HITPOINT WARNING * * *
You see here 81 gold pieces.
You hit the worm.
The worm is lightly wounded.
You hit the worm.
The worm is lightly wounded.
The worm misses you.
You hit the worm.
The worm is moderately wounded.
You hit the worm.
The worm is moderately wounded.
The worm bites you!
You die...
Your body crumbles into a pile of gold.

#........_# #_......._#
###.........###
#⌠..)........⌠#
######.8.........8.###
##∩___......###......._
###∩........8.# #.8......
##.............###........
#⌠.......@..###...###.....
#⌠.......w..# #.<.# #.....
#⌠..........###...###.....
##.............###........
###∩........8.# #.8......
##∩___......###......__
######.8.........8.###
#⌠..(...(..(.⌠#
###.........###


You could see a worm.

Vanquished Creatures
  2 big kobolds (D)
  2 scorpions (D)
  A worm (D)
  A giant cockroach (D)
  2 goblins (D)
  A hobgoblin (D)
  A kobold (D)
10 creatures vanquished.

Notes
Turn   | Place    | Note
-------+----------+-------------------------------------------
     0 | D        | potatolord6000 the Spriggan Assassin began the quest for the Orb.
     0 | D        | Reached XP level 1. HP: 10/10 MP: 2/2
     4 | D        | Found a hide-covered altar of Uskayaw.
     4 | D        | Found a snail-covered altar of Cheibriados.
     5 | D        | Found an ancient bone altar of Kikubaaqudgha.
     5 | D        | Found a roughly hewn altar of Beogh.
     6 | D        | Found a viscous altar of Jiyva.
     6 | D        | Found a glowing golden altar of the Shining One.
     7 | D        | Found a burning altar of Makhleb.
     7 | D        | Found an opulent altar of Gozag.
     7 | D        | Found Ahogomypn's Premium Goods.
     7 | D        | Found Eseof's Weapon Rack.
     7 | D        | Round 1.
     8 | D        | Found Suiprima's Miscellaneous Merchandise.
     8 | D        | Found Helexzur's Basic Armour.
    11 | D        | Found a corrupted altar of Lugonu.
    15 | D        | Became a worshipper of Gozag Ym Sagoz the Greedy
    19 | D        | Found a sacrificial altar of Ru.
    26 | D        | Reached skill level 6 in Stealth
    27 | D        | Found a radiant altar of Vehumet.
    32 | D        | Found Ipseum's Identification Station.
    32 | D        | Found Baumuet's Advanced Armour.
    33 | D        | Found Qoss's Jewellery.
    34 | D        | Found a shimmering altar of Xom.
    34 | D        | Found an iron altar of Okawaru.
    34 | D        | Found a shadowy altar of Dithmenos.
    34 | D        | Found Butor's Bee Food.
    41 | D        | Found a bloodstained altar of Trog.
    46 | D        | Found a stormy altar of Qazlal.
    48 | D        | Found Ymoryol's Magic Scroll Shop.
    50 | D        | Found Iboaped's Magic Scroll Shop.
    50 | D        | Found Ackuvelo's Must-Have Magic.
    50 | D        | Noticed a big kobold
    51 | D        | Found a deep blue altar of Sif Muna.
    51 | D        | Found a basalt altar of Yredelemnul.
    51 | D        | Found a glowing silver altar of Zin.
    51 | D        | Found Viysaf's Staff Store.
    77 | D        | Noticed a big kobold
    82 | D        | Killed a big kobold
    82 | D        | Reached skill level 5 in Dodging
    82 | D        | Reached skill level 8 in Stealth
    82 | D        | Reached XP level 2. HP: 12/16 MP: 3/3
    82 | D        | Reached XP level 3. HP: 15/20 MP: 4/4
    82 | D        | Reached XP level 4. HP: 18/24 MP: 5/5
   122 | D        | Killed a big kobold
   122 | D        | Reached skill level 5 in Short Blades
   122 | D        | Reached skill level 9 in Stealth
   122 | D        | Reached XP level 5. HP: 22/30 MP: 6/6
   134 | D        | Bought a shimmering robe for 199 gold pieces
   144 | D        | Identified the cursed +1 robe "Maum" {rF+ MR++} (You bought it in a shop in the Dungeon)
   179 | D        | Found an ornate altar of the Wu Jian Council.
   182 | D        | Found Paeclihu's Distillery.
   183 | D        | Found Xeip's Distillery.
   183 | D        | Found Sogul's Bottled Wisdom.
   184 | D        | Found a blossoming altar of Fedhas.
   184 | D        | Found Yqohygisor's Do-It-Yourself Clinic.
   262 | D        | Arena points: 14 (+14) [x2]
   311 | D        | Round 2.
   333 | D        | Bought a brightly glowing hat for 315 gold pieces
   338 | D        | Identified the +0 hat "Baiteduf" {+Blink MR+} (You bought it in a shop in the Dungeon)
   461 | D        | Reached skill level 5 in Fighting
   461 | D        | Reached skill level 10 in Stealth
   512 | D        | Mangled by a worm

Vault maps used:
D:        arena_sprint

Skill      XL: |  1  2  3  4  5 |
---------------+----------------+-----
Stealth        | 8 9 10 | 10.9
Fighting       | 3 4 5 |  5.2
Short Blades   | 4 5 7 |  7.0
Dodging        | 5 7 8 |  8.8
Throwing       | |  2.0

Action                   |  1- 3 |  4- 6 || total
-------------------------+-------+-------++-------
Melee: Dagger            |    24 |   146 ||   170
  Use: Potion            |     4 |     3 ||     7
Armor: Robe              |     1 |     8 ||     9
Dodge: Dodged            |    14 |    81 ||    95
